 Dungeon Crawl Stone Soup version 0.22-a0-284-g99d1f74 (webtiles) character file.

58 matakusis the Caller (level 3, -9/19 HPs)
             Began as a Deep Elf Summoner on Mar 20, 2018.
             Mangled by an ogre
             ... wielding a +0 giant club
              (25 damage)
             ... on level 4 of the Dungeon on Mar 21, 2018.
             The game lasted 00:08:58 (2188 turns).

matakusis the Caller (Deep Elf Summoner)            Turns: 2188, Time: 00:08:59

Health: -9/19      AC:  3    Str:  5    XL:     3   Next: 76%
Magic:  10/10      EV: 13    Int: 20    God:
Gold:   141        SH:  0    Dex: 15    Spells: 6/9 levels left

rFire    . . .     SeeInvis .   g - +2 dagger (holy)
rCold    . . .     Gourm    .   (no shield)
rNeg     . . .     Faith    .   a - +1 robe
rPois    .         Spirit   .   (no helmet)
rElec    .         Reflect  .   (no cloak)
rCorr    .         Harm     .   (no gloves)
MR       .....                  (no boots)
Stlth    ++........             i - amulet of magic regeneration
HPRegen  0.06/turn              (no ring)
MPRegen  0.37/turn              (no ring)

@: no status effects
A: no striking features
a: no special abilities


You were on level 4 of the Dungeon.
You were not hungry.

You visited 1 branch of the dungeon, and saw 4 of its levels.

You collected 141 gold pieces.

Inventory:

Hand Weapons
 g - a +2 dagger of holy wrath (weapon)
Missiles
 f - 17 arrows
Armour
 a - a +1 robe (worn)
Jewellery
 i - an amulet of magic regeneration (around neck)
Wands
 j - a wand of iceblast (11)
Scrolls
 b - a scroll of teleportation
Potions
 e - a potion of flight
 h - a potion of might
Comestibles
 c - 4 rations
 d - 3 chunks of flesh


   Skills:
 - Level 2.4 Dodging
 - Level 2.4 Stealth
 + Level 3.9 Spellcasting
 * Level 5.6 Summonings


You had 6 spell levels left.
You knew the following spells:

 Your Spells              Type           Power        Failure   Level  Hunger
a - Summon Small Mammal   Summ           ####         1%          1    None
b - Call Imp              Summ           ####....     1%          2    ##.....


Dungeon Overview and Level Annotations

Branches:
Dungeon (4/15)
 Temple: D:4-7

Altars:
Wu Jian


Message History

Okay, then.
Okay, then.
You swap places.
Your crimson imp disappears in a puff of smoke!
There is an open door here.
Your crimson imp disappears in a puff of smoke!
There is an open door here.
There is an open door here.
There is an open door here.
You open the door.
There is an open door here.
Some of the chunks of flesh in your inventory have rotted away.
There is a stone staircase leading down here.
You climb downwards.
Your summoned ally is left behind.
An orc, an orc warrior and an ogre come into view.
There is a stone staircase leading up here.
The ogre shouts!
You hear a shout! x2
The ogre hits you with a giant club!!
Ouch! That really hurt!
You die...

#.#
#.#
#.#
#.#
#.#
#.#
#.#
#@#
#O#
#.#
#.#
#.#
#.#
#o#
#o.


You could see an orc warrior, an ogre and an orc.

Vanquished Creatures
  A leopard gecko (D:2)
  A jackal (D:3)
  3 quokkas
  A bat (D:2)
  A frilled lizard (D:3)
  4 rats
11 creatures vanquished.

Vanquished Creatures (collateral kills)
  An adder (D:3)
  An adder zombie (D:1)
  3 worms
  2 dart slugs (D:1)
  A leopard gecko (D:3)
  3 orcs (D:3)
  2 giant cockroaches
  5 goblins
  5 hobgoblins
  A jackal (D:3)
  2 quokkas
  A ball python zombie (D:1)
  4 bats
  5 frilled lizards
  2 kobolds
  8 rats
46 creatures vanquished.

Grand Total: 57 creatures vanquished

Notes
Turn   | Place    | Note
-------+----------+-------------------------------------------
     0 | D:1      | matakusis the Deep Elf Summoner began the quest for the Orb.
     0 | D:1      | Reached XP level 1. HP: 10/10 MP: 6/6
   282 | D:1      | Reached XP level 2. HP: 15/15 MP: 5/8
   286 | D:1      | Learned a level 2 spell: Call Imp
   413 | D:1      | Reached skill level 5 in Summonings
   828 | D:2      | Found an ornate altar of the Wu Jian Council.
  1132 | D:2      | Reached XP level 3. HP: 19/19 MP: 8/10
  2187 | D:4      | Noticed an orc warrior
  2187 | D:4      | Noticed an ogre
  2188 | D:4      | Mangled by an ogre

Vault maps used:
D:1:      saegor_arrival_fortress, minmay_curled_crystal
D:2:      overflow_temple_1_default
D:3:      first_ration
D:4:      uniq_crazy_yiuf_cottage

Skill      XL: |  1  2 |
---------------+-------+-----
Summonings     | 5 |  5.6
Dodging        | |  2.4
Stealth        | |  2.4
Spellcasting   | |  3.9

Action                   || total
-------------------------++-------
Melee: Unarmed           ||     7
       Dagger            ||    26
 Cast: Summon Small Mamm ||    22
       Call Imp          ||    51
  Use: Potion            ||     3
       Scroll            ||     5
 Stab: Sleeping          ||     3
  Eat: Chunk             ||     5
Armor: Robe              ||     9
Dodge: Dodged            ||    34

Table legend:
 A = Spawn XP
 B = Non-spawn XP
 C = Spawn XP percentage of total XP
 D = Spawn monster count
 E = Non-spawn monster count
 F = Spawn count percentage of total count
 G = Total turns spent on level
                    A         B        C        D         E        F      G
               +---------+---------+-------+---------+---------+-------+---------
         Total |       0 |      84 |   0.0 |       0 |      57 |   0.0 |  2188
               +---------+---------+-------+---------+---------+-------+---------
           D:1 |       0 |      27 |   0.0 |       0 |      22 |   0.0 |   814
           D:2 |       0 |      18 |   0.0 |       0 |      13 |   0.0 |   592
           D:3 |       0 |      39 |   0.0 |       0 |      22 |   0.0 |   781
               +---------+---------+-------+---------+---------+-------+---------
